 Dungeon Crawl Stone Soup version 0.31.0-32-g396128a36d (webtiles) character file.

Game seed: 5004041871645279812

459 Peloso the Slasher (level 6, 0/5 HPs)
             Began as a Minotaur Fighter on Mar 8, 2024.
             Was a Follower of Okawaru.
             Slain by a gnoll skeleton (2 damage)
             ... in an ossuary.
             The game lasted 00:07:36 (2885 turns).

Peloso the Slasher (Minotaur Fighter)               Turns: 2885, Time: 00:07:37

Health: 0/5        AC:  2    Str: 20    XL:     6   Next: 78%
Magic:  5/5        EV:  6    Int:  5    God:    Okawaru [*.....]
Gold:   33         SH:  0    Dex: 18    Spells: 5/5 levels left

rFire   . . .        a - melded +0 long sword
rCold   . . .        d - melded +0 buckler
rNeg    . . .        q - +0 plate armour
rPois   .            (helmet restricted)
rElec   .            (no cloak)
rCorr   .            (gloves currently unavailable)
SInv    .            (no boots)
Will    .....        (no amulet) Stlth
                     h - +6 ring of dexterity
HPRegen 0.20/turn    x - +4 ring of slaying
MPRegen 0.09/turn

%: no passive effects
@: blade hands, marked
A: reduced hp, horns 2, retaliatory headbutt
a: Begin Untransformation, Renounce Religion, Heroism


You were in an ossuary.
You worshipped Okawaru.
Okawaru was aware of your devotion.
You had blades for hands.
You visited 2 branches of the dungeon, and saw 6 of its levels.
You also visited: Ossuary.

You collected 223 gold pieces.
You spent 190 gold pieces at shops.

Inventory:

Hand Weapons
 a - a +0 long sword (melded)
Armour
 b - a +0 scale mail
 d - a +0 buckler (melded)
 q - a +0 plate armour (worn)
Jewellery
 h - a +6 ring of dexterity (left blade hand)
 l - a +6 ring of intelligence
 t - a ring of protection from cold
 u - a ring of see invisible
 x - a +4 ring of slaying (right blade hand)
 z - a +6 ring of intelligence
Talismans
 c - a blade talisman (active)
Wands
 y - a wand of acid (4)
Scrolls
 e - a scroll of fear {unknown}
 j - 2 scrolls of vulnerability {unknown}
 k - 2 scrolls of amnesia {unknown}
 m - 3 scrolls of teleportation {unknown}
 n - a scroll of fog {unknown}
 s - a scroll of revelation
 B - 2 scrolls of blinking {unknown}
 C - a scroll of poison {unknown}
 D - a scroll of brand weapon
Potions
 f - a potion of cancellation
 p - 4 potions of might
 r - 2 potions of haste
 v - 2 potions of curing
 w - a potion of brilliance
 A - a potion of invisibility {unknown}


   Skills:
 + Level 5.2 Fighting
 + Level 6.3 Long Blades
 + Level 5.0 Armour
 + Level 1.0 Dodging
 + Level 0.3 Stealth
 + Level 4.4 Shields
 + Level 0.1 Evocations


You had 5 spell levels left.
You didn't know any spells.
Your spell library was empty.

Dungeon Overview and Level Annotations

Branches:
Dungeon (5/15)             Temple (1/1) D:4         Ossuary (1/1)

Altars:
Ashenzari
Cheibriados
Fedhas
Gozag
Hepliaklqana
Kikubaaqudgha
Makhleb
Nemelex Xobeh
Okawaru
Qazlal
Ru
Sif Muna
Uskayaw
Vehumet
Wu Jian
Xom
Yredelemnul
Zin
The Shining One

Shops:
D:2 ?   D:3 [   D:4 *

Annotations:
Temple 2 transporters


Innate Abilities, Weirdness & Mutations

You have blades for hands.
Your maximum health is decreased, since you lack skill for your form.
You are incapable of wielding weapons or throwing items.
You have a pair of horns on your head.
You reflexively headbutt those who attack you in melee.


Message History

The kobold zombie hits you. The gnoll zombie closely misses you.
You closely miss the kobold zombie. Your headbutt misses the kobold zombie.
The kobold zombie is heavily damaged.
The kobold zombie hits you.
A hobgoblin skeleton comes into view.
You slash the kobold zombie!
You destroy the kobold zombie!
Okawaru accepts your kill. The gnoll zombie hits you.
An orc skeleton comes into view.
The orc skeleton hits you. The gnoll zombie hits you.
* * * LOW HITPOINT WARNING * * *
You feel much better.
The orc skeleton hits you but does no damage.
The gnoll zombie hits you.
Ouch! That really hurt!
You completely miss the gnoll zombie. The orc skeleton completely misses you.
The gnoll zombie barely misses you.
Unknown command.
You barely miss the gnoll zombie. You headbutt the gnoll zombie!
The gnoll zombie is almost destroyed.
The orc skeleton hits you but does no damage.
Unknown command.
You hit the gnoll zombie.
You destroy the gnoll zombie!
Okawaru accepts your kill.
Unknown command.
You hit the orc skeleton.
The orc skeleton is moderately damaged.
The orc skeleton hits you.
Unknown command.
You hit the orc skeleton.
You destroy the orc skeleton!
Okawaru accepts your kill. The gnoll skeleton closely misses you.
Unknown command.
You hit the orc skeleton. You headbutt the orc skeleton.
The orc skeleton is almost destroyed.
The gnoll skeleton hits you.
You die...

#..#
#..#
#..#
#..#
##..#
##Z.#
##Z.##
##ZZ##
##@Z##
##..##
##..##
##..##
##^.##
##..##
##..##
##..##
#∩∩##


You could see a goblin zombie, a hobgoblin skeleton, a gnoll skeleton and 2 orc
skeletons.

Vanquished Creatures
  Sigmund (D:5)
  A scorpion (D:5)
  A bombardier beetle (D:5)
  An orc priest (D:3)
  An iguana (D:4)
  An orc wizard (D:3)
  4 gnolls (D:3)
  An adder (D:3)
  2 dart slugs
  A ribbon worm (D:4)
  8 orcs
  4 endoplasms
  2 giant cockroaches
  2 gnoll zombies (Ossuary)
  6 goblins
  7 hobgoblins
  A quokka (D:2)
  5 ball pythons
  3 bats
  2 frilled lizards (D:1)
  A goblin zombie (Ossuary)
  A hobgoblin skeleton (Ossuary)
  A hobgoblin zombie (Ossuary)
  4 kobolds
  A kobold skeleton (Ossuary)
  2 kobold zombies (Ossuary)
  An orc skeleton (Ossuary)
  An orc zombie (Ossuary)
  6 rats
  2 rat skeletons (Ossuary)
  2 rat zombies (Ossuary)
76 creatures vanquished.

Notes
Turn   | Place    | Note
-------+----------+-------------------------------------------
     0 | D:1      | Peloso the Minotaur Fighter began the quest for the Orb.
     0 | D:1      | Reached XP level 1. HP: 19/19 MP: 0/0
   121 | D:1      | Reached XP level 2. HP: 25/27 MP: 1/1
   460 | D:2      | Found a faded altar of an unknown god.
   489 | D:2      | Reached XP level 3. HP: 33/33 MP: 2/2
   862 | D:2      | Found Baojidox's Magic Scroll Boutique.
   872 | D:2      | Bought a scroll of revelation for 75 gold pieces
  1034 | D:3      | Reached skill level 3 in Long Blades
  1051 | D:3      | Reached XP level 4. HP: 32/41 MP: 3/3
  1220 | D:3      | Found Pigoleq's Armour Shoppe.
  1534 | D:3      | Reached skill level 4 in Long Blades
  1542 | D:3      | Reached XP level 5. HP: 29/47 MP: 4/4
  1697 | D:4      | Found a staircase to the Ecumenical Temple.
  1715 | Temple   | Found a transporter.
  1715 | Temple   | Found a transporter.
  1715 | Temple   | Found a transporter.
  1715 | Temple   | Found a transporter.
  1715 | Temple   | Entered the Ecumenical Temple
  1736 | Temple   | Became a worshipper of Warmaster Okawaru
  1754 | D:4      | Reached skill level 1 in Dodging
  1782 | D:4      | Found Non Lya's Overcharged Wands.
  1973 | D:4      | Reached skill level 5 in Fighting
  2605 | D:2      | Bought a scroll of brand weapon for 95 gold pieces
  2605 | D:2      | Bought a scroll of identify for 20 gold pieces
  2691 | D:5      | Entered Level 5 of the Dungeon
  2761 | D:5      | Reached skill level 5 in Long Blades
  2771 | D:5      | Reached XP level 6. HP: 43/56 MP: 5/5
  2780 | D:5      | Noticed Sigmund
  2793 | D:5      | Killed Sigmund
  2793 | D:5      | Reached * piety under Okawaru
  2794 | D:5      | Reached skill level 6 in Long Blades
  2794 | D:5      | Reached skill level 5 in Armour
  2827 | D:5      | Found a sand-covered staircase.
  2836 | Ossuary  | Entered an ossuary
  2885 | Ossuary  | Slain by a gnoll skeleton

Illustrated notes

Levels and vault maps discovered:
D:1:      dpeg_arrival_stone_temple_mockup, layout_basic
D:2:      layout_rooms, serial_shops, shop_statue,
          hellmonk_ecumenical_altar_arch_garden
D:3:      layout_basic, serial_shops, shop
D:4:      layout_gridville, temple_pool_b, kennysheep_path_1,
          hangedman_abyss_or_decor_jellyfish_corner,
          nicolae_shop_overcharged_wands
D:5:      layout_loops_corners, mainiacjoe_ossuary_entry_dusty_tomb,
          minivault_23, uniq_grinder, uniq_sigmund
Temple:   hellmonk_temple_divided_pantheon
Ossuary:  ossuary_due_pyramid

Skill      XL: |  1  2  3  4  5  6 |
---------------+-------------------+-----
Armour         | 4 5 |  5.0
Fighting       | 4 5 |  5.2
Long Blades    | 3 4 5 6 |  6.3
Shields        | 4 |  4.4
Dodging        | 1 |  1.0
Stealth        | |  0.3
Evocations     | |  0.1

Action                     |  1- 3 |  4- 6 || total
---------------------------+-------+-------++-------
  Melee: Long sword        |    77 |    59 ||   136
         Headbutt          |    11 |    14 ||    25
         Unarmed           |       |    13 ||    13
  Evoke: Wand              |       |     2 ||     2
    Use: Scroll            |       |     7 ||     7
         Potion            |       |     2 ||     2
 Armour: Scale mail        |    37 |       ||    37
         Plate armour      |    11 |    69 ||    80
  Dodge: Dodged            |    28 |    29 ||    57
  Block: Buckler           |    28 |    17 ||    45
   Form: Blade             |     1 |     1 ||     2
                           |     1 |       ||     1
